 Dungeon Crawl Stone Soup version 0.30.0-10-gfe55d96785 (webtiles) character file.

Game seed: 5931142140472333962

352 GigaChad the Shield-Bearer (level 6, -1/49 HPs)
             Began as a Formicid Fighter on May 16, 2023.
             Was a Follower of Okawaru.
             Killed from afar by Natasha (4 damage)
             ... with a magic dart
             ... on level 4 of the Dungeon.
             The game lasted 00:03:40 (3218 turns).

GigaChad the Shield-Bearer (Formicid Fighter)       Turns: 3218, Time: 00:03:41

Health: -1/49      AC:  9    Str: 28    XL:     6   Next: 94%
Magic:  6/6        EV:  8    Int:  8    God:    Okawaru [*.....]
Gold:   145        SH:  5    Dex: 13    Spells: 5/5 levels left

rFire   . . .        a - +0 war axe (chaos)
rCold   . . .        c - +0 buckler
rNeg    . . .        p - +0 chain mail
rPois   +            (helmet unavailable)
rElec   .            (no cloak)
rCorr   .            (no gloves)
SInv    +            (no boots)
Will    .....        (no amulet) Stlth
                     q - +6 ring of strength
HPRegen 0.28/turn    u - ring of poison resistance
MPRegen 0.10/turn

%: no passive effects
@: no status effects
A: permanent stasis, dig shafts and tunnels, antennae 3, four strong arms
a: Dig, Shaft Self, Renounce Religion, Heroism


You were on level 4 of the Dungeon.
You worshipped Okawaru.
Okawaru was aware of your devotion.
You visited 2 branches of the dungeon, and saw 5 of its levels.

You collected 145 gold pieces.

Inventory:

Hand Weapons
 a - a +0 war axe of chaos (weapon)
Armour
 b - a +0 scale mail
 c - a +0 buckler (worn)
 p - a +0 chain mail (worn)
Jewellery
 e - a ring of magical power
 l - a ring of ice
 q - a +6 ring of strength (left hand)
 u - a ring of poison resistance (right hand)
 w - a +6 ring of dexterity
 x - a +5 ring of evasion
Scrolls
 g - 2 scrolls of fear
 n - a scroll of immolation
 r - a scroll of noise
 t - a scroll of vulnerability {unknown}
Potions
 d - 2 potions of might
 f - 2 potions of attraction
 h - a potion of resistance
 i - a potion of degeneration {unknown}
 j - 3 potions of lignification {unknown}
 k - a potion of cancellation {unknown}
 m - 3 potions of flight {unknown}
 o - a potion of curing {unknown}
 s - a potion of brilliance {unknown}
 v - a potion of magic {unknown}


   Skills:
 * Level 4.3 Fighting
 * Level 4.9 Axes
 * Level 4.7 Armour
 * Level 5.0 Shields


You had 5 spell levels left.
You didn't know any spells.
Your spell library contained the following spells:

 Spells                   Type           Power      Damage    Failure   Level
 Apportation              Tloc           0%         N/A       91%         1
 Gell's Gravitas          Tloc           0%         N/A       100%        3
 Teleport Other           Tloc           0%         N/A       100%        3
 Alistair's Intoxication  Tmut/Pois      0%         N/A       100%        5
 Dispersal                Tloc           0%         N/A       100%        6


Dungeon Overview and Level Annotations

Branches:
Dungeon (4/15)             Temple (1/1) D:4

Altars:
Dithmenos
Elyvilon
Fedhas
Nemelex Xobeh
Okawaru
Qazlal
Sif Muna
Trog
Uskayaw
Vehumet
Xom
Yredelemnul
Zin
The Shining One

Annotations:
D:4 Natasha


Innate Abilities, Weirdness & Mutations

You cannot be hasted, slowed, berserked, paralysed or teleported.
You can dig through walls and to a lower floor.
You have a pair of large antennae on your head. (SInv)
Your four strong arms can wield two-handed weapons with a shield.


Message History

The scorpion barely misses you.
Unknown command.
You slash the scorpion! You freeze the scorpion.
You kill the scorpion!
Okawaru accepts your kill.
You barely miss Edmund. Edmund hits you with a +3 heavy flail.
Unknown command.
Natasha casts a spell.
Edmund hits you with a +3 heavy flail.
You see here a scorpion corpse.
Unknown command.
You completely miss Edmund.
Edmund is almost dead.
Natasha wildly gestures.
Natasha's front paws start to glow.
Edmund hits you with a +3 heavy flail!
* * * LOW HITPOINT WARNING * * *
Unknown command.
Unknown command.
You slash Edmund! You burn Edmund.
You kill Edmund!
Okawaru is honoured by your kill.
You can now gain great but temporary skills.
You hit Natasha.
Space warps around Natasha.
The cerulean imp hits you from afar with a +1 spear.
* * * LOW HITPOINT WARNING * * *
A ball python comes into view.
Natasha stares at you and mumbles some strange words.
The magic dart hits you.
* * * LOW HITPOINT WARNING * * *
The cerulean imp barely misses you.
Your Shields skill increases to level 5!
Unknown command.
Unknown command.
A sourceless malevolence fills the Dungeon... and a teleportation trap spontaneously manifests!
You feel a strange sense of stasis.
The ball python hisses angrily.
Natasha stares at you and mumbles some strange words.
The magic dart hits you.
You die...

.....# .. ## .....
... #. .... ...###.
... #### .......#..
#... ..?...... ....
........# ....
..S...h@## ....
#.#...)†.# ....
#...#..## .....
##...5..# .....
##.#.#.##### ....
#.#.#.....#######...
#.......#...........
##...##.#####.......
#... #.............


You could see Natasha, a cerulean imp (summoned) and a ball python.

Vanquished Creatures
  Edmund (D:4)
  A scorpion (D:4)
  An orc wizard (D:3)
  Natasha (D:4)
  Robin (D:3)
  6 adders
  A worm (D:3)
  A dart slug (D:4)
  6 orcs (D:3)
  5 ball pythons
  5 bats
  2 endoplasms (D:2)
  3 giant cockroaches (D:3)
  10 goblins
  4 hobgoblins
  5 jackals
  2 quokkas (D:3)
  3 frilled lizards
  6 kobolds
  5 rats
69 creatures vanquished.

Notes
Turn   | Place    | Note
-------+----------+-------------------------------------------
     0 | D:1      | GigaChad the Formicid Fighter began the quest for the Orb.
     0 | D:1      | Reached XP level 1. HP: 18/18 MP: 1/1
   191 | D:1      | Reached XP level 2. HP: 19/24 MP: 2/2
  1217 | D:2      | Reached XP level 3. HP: 29/29 MP: 3/3
  1831 | D:2      | Reached XP level 4. HP: 37/37 MP: 4/4
  1971 | D:3      | Noticed Robin
  1988 | D:3      | Killed Robin
  2306 | D:3      | Reached XP level 5. HP: 42/42 MP: 5/5
  3017 | D:4      | Found a staircase to the Ecumenical Temple.
  3047 | Temple   | Entered the Ecumenical Temple
  3114 | Temple   | Became a worshipper of Warmaster Okawaru
  3140 | D:4      | Noticed Natasha
  3144 | D:4      | Killed Natasha
  3163 | D:4      | Reached XP level 6. HP: 48/48 MP: 6/6
  3203 | D:4      | Noticed Edmund
  3205 | D:4      | Noticed Natasha
  3217 | D:4      | Killed Edmund
  3217 | D:4      | Reached * piety under Okawaru
  3218 | D:4      | Reached skill level 5 in Shields
  3218 | D:4      | Killed from afar by Natasha

Illustrated notes

Levels and vault maps discovered:
D:1:      lemuel_arrival_hallway, layout_basic
D:2:      layout_basic
D:3:      layout_basic, kennysheep_nub, chequers_serial_rivers_large_b,
          uniq_robin
D:4:      layout_rooms, kennysheep_little_box, minmay_temple_entry_large_hall,
          uniq_edmund, uniq_natasha
Temple:   nicolae_temple_great_sept

Skill      XL: |  1  2  3  4  5  6 |
---------------+-------------------+-----
Armour         | 4 |  4.7
Axes           | 3 4 |  4.9
Fighting       | 4 |  4.3
Shields        | 5 |  5.0

Action                     |  1- 3 |  4- 6 || total
---------------------------+-------+-------++-------
  Melee: War axe           |    74 |    96 ||   170
    Use: Scroll            |     3 |     4 ||     7
 Armour: Scale mail        |    27 |       ||    27
         Chain mail        |     9 |    59 ||    68
  Dodge: Dodged            |    39 |    41 ||    80
  Block: Buckler           |    18 |    34 ||    52
